 Dungeon Crawl Stone Soup version 0.18.1-48-g4cf74bf (console) character file.

67 Homage the Shield-Bearer (level 4, -7/40 HPs)
             Began as a Minotaur Fighter on June 30, 2016.
             Engulfed by a cloud of flame (24 damage)
             ... on level 2 of the Dungeon.
             The game lasted 00:05:09 (847 turns).

Homage the Shield-Bearer (Minotaur Fighter)          Turns: 847, Time: 00:05:13

Health: -7/40      AC:  7    Str: 21      XL:     4   Next: 0%
Magic:  3/3        EV:  7    Int:  5      God:
Gold:   94         SH:  9    Dex:  9 (10) Spells: 0 memorised, 3 levels left

rFire  . . .     SeeInvis .     a - +0 war axe
rCold  . . .     Gourm    .     b - +0 scale mail
rNeg   . . .     Faith    .     c - +0 shield
rPois  .         Spirit   .     (helmet unavailable)
rElec  .         Dismiss  .     (no cloak)
rCorr  .         Reflect  .     (no gloves)
SustAt .         Harm     .     (no boots)
MR     .....                    (no amulet)
Stlth  ..........               (no ring)
                                (no ring)

@: not resistant to hostile enchantments, extremely unstealthy
A: retaliatory headbutt, horns 3, deterioration 1, MP-powered wands
a: no special abilities


You were on level 2 of the Dungeon.
You were not hungry.

You visited 1 branch of the dungeon, and saw 2 of its levels.

You collected 94 gold pieces.


Innate Abilities, Weirdness & Mutations

You reflexively headbutt those who attack you in melee.
You have a pair of large horns on your head.
Your body sometimes deteriorates upon taking damage.
You expend magic power (3 MP) to strengthen your wands.


   Skills:
 + Level 4.2 Fighting
 + Level 3.4 Axes
 + Level 4.2 Armour
 + Level 4.3 Shields


You had 3 spell levels left.
You didn't know any spells.

Inventory:

Hand Weapons
 a - a +0 war axe (weapon)
Missiles
 e - 35 stones (quivered)
Armour
 b - a +0 scale mail (worn)
 c - a +0 shield (worn)
Potions
 d - a potion of might
Comestibles
 f - a bread ration


Message History

As you read the scroll labeled KEMNOE ZOYS, it crumbles to dust.
You feel blessed for a moment.
It was a scroll of remove curse.
Read which item? (? for menu, Esc to quit)
As you read the scroll labeled FYMIVIVVAXT, it crumbles to dust.
The creatures around you are filled with an inner flame!
It was a scroll of immolation.
You miss the goblin. The goblin hits you but does no damage.
You barely miss the goblin. The goblin hits you but does no damage.
You block the goblin's attack.
You closely miss the goblin. The goblin barely misses you.
You furiously retaliate!
You headbutt the goblin, but do no damage.
You closely miss the goblin. You headbutt the goblin.
The goblin explodes!
The fiery explosion engulfs you!
Ouch! That really hurt!
You have reached level 4!
You feel stronger.
You are engulfed in roaring flames.
Ouch! That really hurt!
You die...

# #.# #.. # .######%# #..
.##...#.# #.. .##.#...#
#.. ### .##...########..
..# .###..>......... ..#
¤# #..########..
..###############¤# #..#
#.... ................@¤#
#..# #.##.
..###.############# #..#
#.###
#.##........#########..##
#.#
#.###.#####.............#
#.# #.# #.#
##########....# #.#
#.###.###### #..#.# ##.##
...........# #..#.#
##...## ..###.####.#
#..#.###.....# ..#
#.......## #......)<.....


There were no monsters in sight!

Vanquished Creatures
  2 adders (D:2)
  An ooze (D:1)
  A worm (D:2)
  A dart slug (D:2)
  A giant gecko (D:2)
  3 giant cockroaches (D:2)
  9 goblins
  A hobgoblin (D:1)
  3 jackals (D:1)
  3 bats (D:2)
  2 giant newts (D:1)
  7 kobolds
  3 rats
37 creatures vanquished.

Notes
Turn   | Place    | Note
--------------------------------------------------------------
     0 | D:1      | Homage the Minotaur Fighter began the quest for the Orb.
     0 | D:1      | Reached XP level 1. HP: 19/19 MP: 0/0
    59 | D:1      | Gained mutation: You expend magic power (3 MP) to strengthen your wands. [potion of mutation]
    59 | D:1      | Gained mutation: Your body sometimes deteriorates upon taking damage. [potion of mutation]
    59 | D:1      | Gained mutation: You have a pair of large horns on your head. [potion of mutation]
   174 | D:1      | Reached skill level 3 in Axes
   174 | D:1      | Reached XP level 2. HP: 27/27 MP: 1/1
   205 | D:1      | You fall through a shaft!
   290 | D:2      | Reached XP level 3. HP: 33/33 MP: 2/2
   847 | D:2      | Reached XP level 4. HP: 17/40 MP: 3/3
   847 | D:2      | Engulfed by a cloud of flame

Vault maps used:
D:1:      nicolae_arrival_memento_mori

Action                   |  1- 3 |  4- 6 || total
-------------------------+-------+-------++-------
Melee: War axe           |    92 |       ||    92
       Headbutt          |    10 |       ||    10
  Use: Potion            |     2 |       ||     2
       Scroll            |     4 |       ||     4
Armor: Scale mail        |    35 |       ||    35
Dodge: Dodged            |    23 |       ||    23
Block: Shield            |    44 |       ||    44
